 Dungeon Crawl Stone Soup version 0.28.0-43-g3370ac3207 (webtiles) character file.

Game seed: 6433197024114658431

347 mortz the Chopper (level 6, -1/55 HPs)
             Began as a Hill Orc Fighter on Mar 3, 2022.
             Was an Initiate of the Shining One.
             Slain by a killer bee (5 damage)
             ... on level 4 of the Dungeon.
             The game lasted 00:24:58 (4606 turns).

mortz the Chopper (Hill Orc Fighter)                Turns: 4606, Time: 00:24:59

Health: -1/55      AC:  9    Str: 21    XL:     6   Next: 59%
Magic:  6/6        EV:  7    Int:  8    God:    the Shining One [......]
Gold:   232        SH:  5    Dex: 12    Spells: 5/5 levels left

rFire   + . .      SeeInvis .   C - +4 long sword "Loulib" {vorpal, rF+ rC+ Dex+2, long}
rCold   + + .      Faith    .   c - +0 buckler
rNeg    . . .      Spirit   .   s - +0 chain mail
rPois   .          Reflect  .   (no helmet)
rElec   .          Harm     .   (no cloak)
rCorr   .          Rampage  .   (no gloves)
Will    +....                   (no boots)
Stlth   ..........              (no amulet)
HPRegen 0.18/turn               p - ring of willpower
MPRegen 0.10/turn               u - ring of protection from cold

@: lethally poisoned (-1 -> -1), glowing
A: no striking features
a: Renounce Religion


You were on level 4 of the Dungeon.
You worshipped the Shining One.
The Shining One was noncommittal.
You visited 2 branches of the dungeon, and saw 6 of its levels.
You also visited: Sewer.

You collected 232 gold pieces.


   Skills:
 + Level 4.8 Fighting
 * Level 0.6 Long Blades
 - Level 6.3 Axes
 + Level 4.7 Armour
 + Level 0.1 Dodging
 + Level 0.2 Stealth
 + Level 3.9 Shields


You had 5 spell levels left.
You didn't know any spells.
Your spell library contained the following spells:

 Spells                   Type           Power      Damage    Failure   Level
 Freeze                   Ice            0%         1d3       99%         1
 Frozen Ramparts          Ice            0%         1d2       100%        3
 Hailstorm                Conj/Ice       0%         3d3       100%        4

Inventory:

Hand Weapons
 a - a +0 war axe {axe}
 C - the +4 long sword "Loulib" (weapon) {vorpal, rF+ rC+ Dex+2, long}
   (You took it off an orc on level 4 of the Dungeon)

   It inflicts extra damage upon your enemies.
   Dex:       It affects your dexterity (+2).
   rF:        It protects you from fire.
   rC:        It protects you from cold.
Missiles
 z - 5 poisoned darts (quivered) {throwing}
 B - a throwing net {=f!fthrowing}
Armour
 c - a +0 buckler (worn)
 s - a +0 chain mail (worn)
   (You found it on level 3 of the Dungeon)
Magical Staves
 k - a staff of fire {!astaff}
   (You found it on level 1 of the Dungeon)
Jewellery
 p - a ring of willpower (left hand)
   (You found it on level 3 of the Dungeon)
 u - a ring of protection from cold (right hand)
   (You found it on level 4 of the Dungeon)
Wands
 w - a wand of iceblast (8)
   (You found it on level 4 of the Dungeon)
 y - a wand of flame (7)
   (You found it on level 4 of the Dungeon)
Scrolls
 e - 4 scrolls of identify {unknown}
 f - 2 scrolls of vulnerability {unknown}
 h - 7 scrolls of teleportation {unknown}
 i - a scroll of amnesia {unknown}
 j - a scroll of fog {unknown}
 m - a scroll of magic mapping {unknown}
 o - 2 scrolls of enchant weapon {unknown}
 q - 3 scrolls of silence {unknown}
 x - a scroll of fear {unknown}
Potions
 b - a potion of heal wounds {unknown}
 d - 3 potions of might
 g - a potion of mutation {unknown}
 l - 2 potions of curing {unknown}
 n - a potion of degeneration {unknown}
 r - a potion of berserk rage {unknown}
 t - a potion of magic {unknown}
 v - 2 potions of cancellation {unknown}
 A - a potion of ambrosia {unknown}

Dungeon Overview and Level Annotations

Branches:
Dungeon (5/15)             Temple (1/1) D:4           Sewer (visited)

Altars:
Ashenzari
Cheibriados
Elyvilon
Hepliaklqana
Nemelex Xobeh
Ru
Sif Muna
Trog
Vehumet
Wu Jian
Yredelemnul
The Shining One

.......##..............####..8#8.
.......##......#############.....
..........................#####.#
...............##########.# #.#
..##.........#..# #######.# #.#
..#.).......##..###.....#.# #.#
..#.........###..##.#'''#.# #.#
..#.................#...#.#####.#
#..............y@...#...#........
....................#...########.
....................#...# #.
.[..................#...# #.
#...................#...# #.
..........#....#.####...# #.
......(...#.##########.##########
..........#.'.......##.##.......'
#.........#.'.........#.........'


You could see a killer bee.


Message History

You closely miss the killer bee. The killer bee barely misses you.
The killer bee stings you but does no damage.
The killer bee stings you.
You are poisoned.
The killer bee poisons you! 😕 HP[-2]
You take 2 damage, and now have 51/53 hp.
You miss the killer bee.
You feel very sick. The killer bee barely misses you.
The killer bee stings you but does no damage.
The killer bee barely misses you. 😕 HP[-3]
You take 3 damage, and now have 48/53 hp.
You slash the killer bee!
You feel sick. The killer bee stings you.
You are more poisoned.
The killer bee poisons you! You block the killer bee's attack.
The killer bee barely misses you. 😕 HP[-6]
You take 6 damage, and now have 42/53 hp.
You miss the killer bee.
You feel very sick. The killer bee completely misses you.
The killer bee barely misses you. x2 😮 HP[-3]
You take 3 damage, and now have 39/53 hp.
You barely miss the killer bee.
You feel very sick.
The killer bee stings you but does no damage. x2 😮 HP[-3]
You take 3 damage, and now have 36/53 hp.
You hit the killer bee.
You kill the killer bee!
You feel sick. The killer bee completely misses you.
The killer bee closely misses you.
You now have 55 max hp (+2).
You barely miss the killer bee.
You feel sick. The killer bee stings you. You block the killer bee's attack.
The killer bee stings you.
* * * LOW HITPOINT WARNING * * *
😨 HP[-9]
You take 9 damage, and now have 27/55 hp.
You barely miss the killer bee.
You feel sick. The killer bee barely misses you.
You block the killer bee's attack.
The killer bee barely misses you. 😨 HP[-1]
You take 1 damage, and now have 26/55 hp.
You miss the killer bee.
You feel sick.
You are no longer poisoned.
The killer bee stings you.
* * * LOW HITPOINT WARNING * * *
You block the killer bee's attack. 😨 HP[-3]
You take 3 damage, and now have 23/55 hp.
You miss the killer bee. The killer bee barely misses you.
You block the killer bee's attack. The killer bee stings you.
* * * LOW HITPOINT WARNING * * *
You are poisoned.
The killer bee poisons you!
You feel sick.
The killer bee stings you but does no damage.
There is a stone staircase leading up here. 😨 HP[-2]
You take 2 damage, and now have 21/55 hp.
You feel sick.
The killer bee stings you but does no damage.
The killer bee barely misses you.
You climb upwards.
You feel sick.
There is a stone staircase leading down here. 😨 HP[-2]
You take 2 damage, and now have 19/55 hp.
You miss the killer bee.
You feel sick. The killer bee stings you.
* * * LOW HITPOINT WARNING * * *
You are more poisoned.
The killer bee poisons you!
The killer bee stings you but does no damage.
The killer bee closely misses you. 😱 HP[-8]
You take 8 damage, and now have 11/55 hp.
You hit the killer bee.
You feel sick.
The killer bee stings you but does no damage.
You block the killer bee's attack.
The killer bee stings you but does no damage. 😱 HP[-1]
You take 1 damage, and now have 10/55 hp.
You closely miss the killer bee.
You feel sick. The killer bee barely misses you.
The killer bee stings you but does no damage. 😱 HP[-1]
You take 1 damage, and now have 9/55 hp.
You closely miss the killer bee.
You feel sick.
The killer bee stings you but does no damage.
The killer bee stings you.
* * * LOW HITPOINT WARNING * * *
The killer bee stings you.
* * * LOW HITPOINT WARNING * * *
😱 HP[-4]
You take 4 damage, and now have 5/55 hp.
You barely miss the killer bee.
You feel sick.
The killer bee stings you but does no damage.
The killer bee stings you.
You die...

Skill      XL: |  1  2  3  4  5  6 |
---------------+-------------------+-----
Axes           | 3 4 5 6 |  6.3
Fighting       | 4 |  4.8
Armour         | 4 |  4.7
Long Blades    | |  0.6
Dodging        | |  0.1
Stealth        | |  0.2
Shields        | |  3.9

Action                   |  1- 3 |  4- 6 || total
-------------------------+-------+-------++-------
Melee: War axe           |   122 |   188 ||   310
       Long sword        |       |    17 ||    17
Armor: Scale mail        |    41 |    29 ||    70
       Chain mail        |       |    70 ||    70
Dodge: Dodged            |    60 |    66 ||   126
Block: Buckler           |    22 |    34 ||    56

Levels and vault maps discovered:
D:1:      moated_graveyard_arrival, layout_loops_ring
D:2:      layout_rooms, hellmonk_ecumenical_altar_lost_god
D:3:      minmay_diamond_boxcup, layout_basic, mainiacjoe_overflow_24_doors
D:4:      layout_basic, minmay_temple_entry_junction_2, gup_sewer_entry_bowl,
          minmay_statues_item, kennysheep_cross_bottleneck
D:5:      layout_basic, tgw_xom, uniq_duvessa, uniq_edmund
Temple:   grunt_temple_mini_profane

Notes
Turn   | Place    | Note
-------+----------+-------------------------------------------
     0 | D:1      | mortz the Hill Orc Fighter began the quest for the Orb.
     0 | D:1      | Reached XP level 1. HP: 19/19 MP: 1/1
     0 | D:1      | magus.rc [v1.9.6]
    18 | D:1      | You pick up a book of Frost and begin reading...
    18 | D:1      | You add the spells Freeze, Frozen Ramparts and Hailstorm to
                  | your library.
   146 | D:1      | Reached XP level 2. HP: 25/27 MP: 2/2
   282 | D:1      | You fall into a shaft and drop 1 floor!
   287 | D:2      | Found a faded altar of an unknown god.
   304 | D:1      | Reached skill level 3 in Axes
   327 | D:1      | Reached skill level 4 in Fighting
   498 | D:1      | Reached XP level 3. HP: 33/33 MP: 3/3
  1205 | D:2      | Reached skill level 4 in Axes
  1205 | D:2      | Reached XP level 4. HP: 36/40 MP: 4/4
  1774 | D:3      | Reached skill level 4 in Armour
  1774 | D:3      | Reached XP level 5. HP: 35/47 MP: 5/5
  2129 | D:3      | Found a hazy altar of Hepliaklqana.
  2274 | D:3      | Reached skill level 5 in Axes
  2631 | D:4      | Found a glowing drain.
  2635 | Sewer    | Entered a sewer
  3209 | Sewer    | Reached XP level 6. HP: 53/53 MP: 6/6
  3810 | D:4      | Reached skill level 6 in Axes
  3849 | D:4      | Found a staircase to the Ecumenical Temple.
  3858 | Temple   | Entered the Ecumenical Temple
  4153 | Temple   | Became a worshipper of the Shining One
  4549 | D:4      | Identified the +4 long sword "Loulib" {vorpal, rF+ rC+
                  | Dex+2}
  4573 | D:5      | Entered Level 5 of the Dungeon
  4602 | D:4      | HP: 11/55 [killer bee (6)]
  4605 | D:4      | HP: 5/55 [killer bee (1)]
  4606 | D:4      | Slain by a killer bee

Vanquished Creatures
  A water moccasin skeleton (D:4)
  A killer bee (D:5)
  A hound skeleton (D:4)
  A gnoll (D:1)
  9 adders
  3 river rats (Sewer)
  An adder skeleton (D:4)
  4 dart slugs
  5 orcs
  7 ball pythons
  7 endoplasms
  11 giant cockroaches
  6 hobgoblins
  5 jackals (D:1)
  A quokka (D:1)
  4 bats
  12 frilled lizards
  7 goblins
  14 kobolds
  13 rats
113 creatures vanquished.

Table legend:
 A = Non-vault XP
 B = Vault XP
 C = Vault XP percentage of total XP
 D = Non-vault monster count
 E = Vault monster count
 F = Vault count percentage of total count
                 A         B        C        D         E       F
            +---------+---------+-------+---------+---------+-------
      Total |     380 |     117 |  23.5 |      78 |      35 |  31.0
            +---------+---------+-------+---------+---------+-------
        D:1 |      67 |       0 |   0.0 |      30 |       0 |   0.0
        D:2 |      47 |       0 |   0.0 |      15 |       0 |   0.0
        D:3 |      69 |      28 |  28.9 |      17 |      10 |  37.0
        D:4 |     133 |       4 |   2.9 |      14 |       2 |  12.5
        D:5 |      64 |       0 |   0.0 |       2 |       0 |   0.0
      Sewer |       0 |      85 | 100.0 |       0 |      23 | 100.0
            +---------+---------+-------+---------+---------+-------

Illustrated notes

Table legend:
 A = Kills in this place as a percentage of kills in entire the game.
 B = Kills by you in this place as a percentage of kills by you in the entire game.
 C = Kills by friends in this place as a percentage of kills by friends in the entire game.
 D = Other kills in this place as a percentage of other kills in the entire game.
 E = Experience gained in this place as a percentage of experience gained in the entire game.
 F = Experience gained in this place divided by the number of levels of this place that you have seen.
                   A       B       C       D       E      F
               +-------+-------+-------+-------+-------+----------------------
         Total | 100.0 | 100.0 |   N/A |   N/A | 100.0 |  71.0
       Dungeon |  79.6 |  79.6 |   N/A |   N/A |  82.9 |  82.4
         Sewer |  20.4 |  20.4 |   N/A |   N/A |  17.1 |  85.0
               +-------+-------+-------+-------+-------+----------------------

Table legend: (Time is in decaauts)
 A = Elapsed time spent in this place.
 B = Non-inter-level travel time spent in this place.
 C = Inter-level travel time spent in this place.
 D = Time resting spent in this place.
 E = Time spent auto-exploring this place.
 F = Levels seen in this place.
 G = Mean time per level.
                   A        B        C        D        E       F      G
               +--------+--------+--------+--------+--------+-----+--------+
         Total |   4784 |   4551 |    233 |    878 |   2602 |   7 |  683.4 |
       Dungeon |   3441 |   3349 |     92 |    505 |   2140 |   5 |  688.2 |
        Temple |    322 |    181 |    141 |      0 |    173 |   1 |  322.0 |
         Sewer |   1020 |   1020 |      0 |    373 |    288 |   1 | 1020.0 |
               +--------+--------+--------+--------+--------+-----+--------+

Top non-repeatable levels by time:
     D:1: 1087 daAuts
   Sewer: 1020 daAuts
     D:3: 937 daAuts
     D:4: 886 daAuts
     D:2: 498 daAuts
  Temple: 322 daAuts
     D:5: 32 daAuts
